 Dungeon Crawl Stone Soup version 0.31-a0-234-gad7ace16ef (webtiles) character file.

Game seed: 257365983629439217

147 qw the Shooter (level 5, -1/30 HPs)
             Began as a Gargoyle Hexslinger on July 9, 2023.
             Slain by an ufetubus (4 damage)
             ... on level 3 of the Dungeon.
             The game lasted 00:00:49 (1931 turns).

qw the Shooter (Gargoyle Hexslinger)                Turns: 1931, Time: 00:00:50

Health: -1/30      AC: 10    Str: 12    XL:     5   Next: 29%
Magic:  6/6        EV: 10    Int: 13    God:
Gold:   95         SH:  0    Dex: 14    Spells: 5/6 levels left

rFire   . . .        Y - +1 sling
rCold   . . .        (no shield)
rNeg    + . .        f - +0 ring mail
rPois   inf          (no helmet)
rElec   +            a - +0 cloak
rCorr   .            (no gloves)
SInv    .            (no boots)
Will    .....        (no amulet)
Stlth   +            (no ring)
HPRegen 0.25/turn    (no ring)
MPRegen 0.10/turn

%: no passive effects
@: about to teleport
A: sickness immunity, AC +4, negative energy resistance 1, electricity
resistance, torment resistance 1, petrification resistance
a: no special abilities


You were on level 3 of the Dungeon.
You visited 1 branch of the dungeon, and saw 3 of its levels.

You collected 95 gold pieces.


Innate Abilities, Weirdness & Mutations

You are immune to sickness and miasma.
Your stone body is resilient. (AC +4)
You are immune to poison.
You resist negative energy. (rN+)
You are resistant to electric shocks. (rElec)
You are resistant to unholy torment.
You are immune to petrification.


   Skills:
 - Level 2.0 Fighting
 + Level 4.6 Ranged Weapons
 - Level 1.8 Armour
 - Level 1.5 Dodging
 - Level 1.0 Spellcasting
 - Level 2.6 Hexes


You had 5 spell levels left.
You knew the following spells:

 Your Spells              Type           Power      Damage    Failure   Level
a - Slow                  Hex            28%        N/A       21%         1

Your spell library contained the following spells:

 Spells                   Type           Power      Damage    Failure   Level
 Inner Flame              Hex/Fire       4%         N/A       71%         3
 Portal Projectile        Hex/Tloc       8%         N/A       71%         3
 Cause Fear               Hex            3%         N/A       90%         4

Inventory:

Hand Weapons
 Y - a +1 sling (weapon)
Armour
 a - a +0 cloak (worn)
 f - a +0 ring mail (worn)
Jewellery
 d - a ring of fire
Scrolls
 c - a scroll of identify
Potions
 b - a potion of haste {unknown}
 g - a potion of ambrosia {unknown}
 h - a potion of brilliance {unknown}
 k - a potion of curing

Dungeon Overview and Level Annotations

Branches:
Dungeon (3/15)

Altars:


Message History

The ufetubus hits you. The ufetubus barely misses you.
The ufetubus closely misses you.
The gnoll hits you from afar with a +0 spear.
The gnoll hits you but does no damage.
You shoot a sling bullet.
The sling bullet hits the ufetubus but does no damage.
The ufetubus is moderately wounded.
The ufetubus hits you. The ufetubus misses you. x2
The ufetubus hits you but does no damage.
The gnoll closely misses you. x2
You shoot a sling bullet. The sling bullet hits the ufetubus.
The ufetubus is heavily wounded.
The ufetubus hits you.
The ufetubus hits you but does no damage.
The gnoll hits you but does no damage.
The gnoll hits you from afar with a +0 halberd!
The ufetubus closely misses you.
The ufetubus hits you but does no damage.
You shoot a sling bullet.
The sling bullet barely misses the ufetubus.
The sling bullet hits the gnoll but does no damage.
The gnoll is severely wounded.
The ufetubus hits you but does no damage.
The ufetubus hits you. The gnoll barely misses you.
The gnoll closely misses you. The ufetubus barely misses you.
The ufetubus hits you. The gnoll closely misses you.
The gnoll hits you from afar with a +0 halberd.
1930 ||| READING scroll of teleportation.
As you read the scroll of teleportation, it crumbles to dust.
You feel strangely unstable. The ufetubus closely misses you.
The ufetubus barely misses you. The gnoll misses you.
The ufetubus hits you but does no damage. x2
The gnoll barely misses you.
You shoot a sling bullet.
The sling bullet barely misses the ufetubus.
The sling bullet barely misses the gnoll.
The ufetubus hits you but does no damage.
The ufetubus hits you.
You die...

....#..#.....#
####...####...##...##.#
..............#....#.#
.....................
...............#)#.#
#...####.#.....#.#.#
#.gg.....#.##......# #..5#
#.....#.#.###
#).@####........%#
##............#...# #####
#......##.....###.#
...###%####.##.....# .#
#.##.......####.### .#
####.......##.# #.#
#.....#..#.##.####.#
#.##.##..#........)####
#.##.##.##........#......#


You could see 2 gnolls and an ufetubus.

Vanquished Creatures
  An orc priest (D:3)
  A gnoll (D:3)
  5 adders (D:2)
  An ufetubus (D:3)
  2 worms (D:2)
  A dart slug (D:2)
  3 bats (D:1)
  5 endoplasms
  3 giant cockroaches
  3 goblins
  4 hobgoblins
  6 jackals (D:2)
  5 kobolds
  3 quokkas
  6 ball pythons
  A frilled lizard (D:2)
  2 rats (D:1)
52 creatures vanquished.

Notes
Turn   | Place    | Note
-------+----------+-------------------------------------------
     0 | D:1      | qw the Gargoyle Hexslinger began the quest for the Orb.
     0 | D:1      | Reached XP level 1. HP: 12/12 MP: 2/2
     0 | D:1      | 0 ||| qw: Version: 0.3-a-51-g015441d
     0 | D:1      | 0 ||| qw: Game counter: 4278
     0 | D:1      | 0 ||| qw: Melee chars always use a shield: true
     0 | D:1      | 0 ||| qw: God list: Okawaru
     0 | D:1      | 0 ||| qw: Allow faded altars: false
     0 | D:1      | 0 ||| qw: Do Orc after clearing Dungeon:15 true
     0 | D:1      | 0 ||| qw: Do second Lair branch before Depths: true
     0 | D:1      | 0 ||| qw: Lair rune preference: random
     0 | D:1      | 0 ||| qw: Goals: Normal
     0 | D:1      | 0 ||| PLANNING D:1-11
    88 | D:1      | Found a faded altar of an unknown god.
   173 | D:1      | Reached XP level 2. HP: 16/16 MP: 3/3
   277 | D:1      | Reached skill level 3 in Ranged Weapons
   589 | D:1      | 589 ||| READING scroll labelled SOUNEGH EMMEFE.
   590 | D:1      | 590 ||| READING scroll labelled ESHREW PALIT.
   591 | D:1      | 591 ||| READING scroll labelled QIXTAV DIOQOR.
   594 | D:1      | 594 ||| READING scroll labelled GUWECEMUKE.
   595 | D:1      | 595 ||| READING scroll labelled FITOFY EM TEZY.
   596 | D:1      | 596 ||| DROPPING scroll of poison.
   619 | D:2      | Reached XP level 3. HP: 21/21 MP: 4/4
   713 | D:2      | HP: 4/21 [adder (4)]
   818 | D:2      | Reached XP level 4. HP: 26/26 MP: 5/5
   871 | D:2      | Reached skill level 4 in Ranged Weapons
  1292 | D:2      | 1292 ||| UPGRADING to +0 cloak.
  1297 | D:2      | 1297 ||| DRINKING 2 fizzy green potions.
  1337 | D:2      | 1337 ||| UPGRADING to +0 ring mail.
  1347 | D:2      | 1347 ||| DROPPING +0 robe.
  1655 | D:2      | 1655 ||| READING scroll labelled CYNUW ZUDUGOAR.
  1732 | D:3      | 1732 ||| PLANNING SEWER
  1751 | D:3      | Reached skill level 1 in Armour
  1751 | D:3      | Reached XP level 5. HP: 16/30 MP: 6/6
  1929 | D:3      | HP: 6/30 [ufetubus (4)]
  1930 | D:3      | 1930 ||| READING scroll of teleportation.
  1931 | D:3      | Slain by an ufetubus

Levels and vault maps discovered:
D:1:      lightli_arrival_quake, layout_loops_ring,
          shapermc_ecumenical_altar_mp_ritualfount, chequers_garden
D:2:      minmay_evil_eye, layout_basic, reono_crystal_passage
D:3:      layout_loops_cross, gup_sewer_entry_pipe

Skill      XL: |  1  2  3  4 |
---------------+-------------+-----
Ranged Weapons | 3 4 |  4.6
Fighting       | 2 |  2.0
Armour         | 1 |  1.8
Dodging        | |  1.5
Spellcasting   | |  1.0
Hexes          | |  2.6

Action                     |  1- 3 |  4- 6 || total
---------------------------+-------+-------++-------
   Fire: Sling             |   113 |   112 ||   225
    Use: Scroll            |     5 |     2 ||     7
         Potion            |       |     1 ||     1
 Armour: Robe              |    41 |     5 ||    46
         Ring mail         |       |    27 ||    27
  Dodge: Dodged            |    78 |    63 ||   141

Table legend:
 A = Non-vault XP
 B = Vault XP
 C = Vault XP percentage of total XP
 D = Non-vault monster count
 E = Vault monster count
 F = Vault count percentage of total count
                 A         B        C        D         E       F
            +---------+---------+-------+---------+---------+-------
      Total |     181 |      30 |  14.2 |      48 |       4 |   7.7
            +---------+---------+-------+---------+---------+-------
        D:1 |      30 |       0 |   0.0 |      18 |       0 |   0.0
        D:2 |      83 |      30 |  26.5 |      24 |       4 |  14.3
        D:3 |      68 |       0 |   0.0 |       6 |       0 |   0.0
            +---------+---------+-------+---------+---------+-------
